[Event "Titled Tuesday Blitz April 26 Early 2022"]
[White "Asavasaetakul, Chawit"]
[Black "Silvestre, Christian"]
[WhiteFideId "6204856"]
[BlackFideId "30956269"]
[WhiteElo "1697"]
[BlackElo "2345"]
[Result "0-1"]
[Round "08"]
[TimeControl "180+1"]
[Date "2022.04.26"]
[WhiteClock "0:00:05"]
[BlackClock "0:00:15"]

1. e4 c6 2. d4 d5 3. Nd2 a6 4. Ngf3 Bg4 5. c3 Nf6 6. Bd3 e6 7. O-O c5 8. e5 Nfd7 9. Re1 Nc6 10. dxc5 Ncxe5 11. Be2 Nxf3+ 12. Bxf3 Bxf3 13. Nxf3 Nxc5 14. Ng5 Be7 15. Qh5 g6 16. Qh6 Bf8 17. Qh3 Bg7 18. b4 Ne4 19. Nxe6 fxe6 20. Qxe6+ Kf8 21. Rxe4 dxe4 22. Bf4 Bf6 23. Bh6+ Bg7 24. Be3 Bf6 25. Bh6+ Bg7 26. Qe5 Qe7 27. Bxg7+ Qxg7 28. Qxe4 Re8 29. Qf3+ Qf7 30. Qd3 Kg7 31. Rf1 Rhf8 32. Qd4+ Qf6 33. Qd5 Rf7 34. c4 Qe5 35. Qd3 Qe4 36. Qc3+ Qe5 37. Qd3 Ree7 38. g3 Rd7 39. Qc2 Rd4 40. c5 Qe4 41. Qc3 Qd3 42. Qb2 Kg8 43. b5 axb5 44. Rc1 Qd2 45. Rc2 Qd1+ 46. Kg2 Qf3+ 47. Kh3 Rff4 48. Qb3+ Qxb3 49. axb3 Rf3 50. b4 Rc4 51. Kg2 Rxc2 52. Kxf3 0-1


[Site "https://www.chess.com"]

[Event "Titled Tuesday Blitz April 26 Early 2022"]
[White "Atakhan, Abtin"]
[Black "Avazkhonov, Alikhon"]
[WhiteFideId "22502203"]
[BlackFideId "14208504"]
[WhiteElo "2094"]
[BlackElo "1739"]
[Result "0-1"]
[Round "08"]
[TimeControl "180+1"]
[Date "2022.04.26"]
[WhiteClock "0:00:02"]
[BlackClock "0:00:04"]

1. e4 c5 2. Nc3 d6 3. d4 cxd4 4. Qxd4 Nc6 5. Qd2 Nf6 6. b3 e6 7. Bb2 Be7 8. O-O-O O-O 9. Kb1 a6 10. g3 b5 11. Bg2 Bb7 12. Nge2 Rc8 13. f4 Qb6 14. h3 Rfd8 15. g4 d5 16. exd5 Nb4 17. Nd4 Nfxd5 18. Ne4 Qc7 19. a3 Nc6 20. Rhf1 Nxd4 21. Qxd4 Qxc2+ 22. Ka1 Nf6 23. Nxf6+ Bxf6 24. Qxd8+ Rxd8 25. Rxd8+ Bxd8 26. Bxb7 Bf6 27. Bxf6 gxf6 28. Rb1 Qc3+ 29. Ka2 a5 30. a4 bxa4 31. bxa4 Qc4+ 32. Ka3 Qxf4 33. Rb3 Qc1+ 34. Ka2 Qc2+ 35. Ka3 Qc5+ 36. Ka2 Qf2+ 37. Ka3 Qc5+ 38. Ka2 Kg7 39. Ba6 Qc2+ 40. Ka3 f5 41. gxf5 exf5 42. Bd3 Qc5+ 43. Ka2 f4 44. Be4 Qf2+ 45. Ka3 Qd4 46. Bf3 Qa1# 0-1


[Site "https://www.chess.com"]

[Event "Titled Tuesday Blitz April 26 Early 2022"]
[White "Avalos Parra, Joao"]
[Black "Petrova, Irina"]
[WhiteFideId "3402541"]
[BlackFideId "14124122"]
[WhiteElo "2173"]
[BlackElo "1993"]
[Result "0-1"]
[Round "08"]
[TimeControl "180+1"]
[Date "2022.04.26"]
[WhiteClock "0:00:05"]
[BlackClock "0:00:06"]

1. d4 d6 2. c4 e5 3. d5 f5 4. Nc3 Nf6 5. g3 Be7 6. Bg2 O-O 7. Nf3 a5 8. O-O Na6 9. e4 Nc5 10. exf5 Bxf5 11. Be3 Bd3 12. b3 Bxf1 13. Qxf1 b6 14. Bxc5 bxc5 15. Ng5 Qe8 16. Ne6 Qg6 17. Nxc7 Rab8 18. Qe2 Qh6 19. Ne6 Rf7 20. Re1 Bf8 21. Nb5 Kh8 22. h4 e4 23. Bh3 Nd7 24. Ng5 Re7 25. Nxd6 Qxd6 26. Be6 Nf6 27. Kg2 h6 28. Nxe4 Nxe4 29. Qxe4 a4 30. Re3 axb3 31. axb3 Rbe8 32. f4 Rxe6 33. dxe6 Be7 34. h5 Bf6 35. g4 Bd4 36. Re2 Qb6 37. Qg6 Re7 38. g5 Qxb3 39. gxh6 gxh6 40. Qxh6+ Kg8 41. Kh2 Bg7 42. Qg5 Qb7 43. h6 Kh7 44. hxg7 Rxg7 45. Qh5+ Kg8 46. e7 Rxe7 47. Qg5+ Kf7 48. Qf5+ Ke8 49. Qg6+ Kd8 50. Rd2+ Kc8 51. Qg8+ Kc7 52. Rd5 Qb2+ 53. Kg3 Re3+ 54. Kh4 Qh2+ 55. Kg5 Qg2+ 56. Kf6 Qxg8 57. Rxc5+ Kd6 58. Rd5+ Kc6 59. Rf5 Qe6+ 60. Kg5 Rg3+ 61. Kh4 Qxf5 62. Kxg3 Kc5 0-1


[Site "https://www.chess.com"]

[Event "Titled Tuesday Blitz April 26 Early 2022"]
[White "Bachmann, Axel"]
[Black "Fernandez Hernandez, Gerardo"]
[WhiteFideId "3700488"]
[BlackFideId "2207400"]
[WhiteElo "2587"]
[BlackElo "2186"]
[Result "1-0"]
[Round "08"]
[TimeControl "180+1"]
[Date "2022.04.26"]
[WhiteClock "0:00:33"]
[BlackClock "0:00:03"]

1. d4 Nf6 2. g3 g6 3. Bg2 Bg7 4. e4 O-O 5. Ne2 d6 6. O-O c6 7. a4 a5 8. Nbc3 Qc7 9. h3 e5 10. Be3 Nbd7 11. g4 h5 12. g5 Ne8 13. f4 exf4 14. Bxf4 Qb6 15. Qd2 Ne5 16. b3 Be6 17. Kh1 Nd7 18. Rad1 Qb4 19. Qe3 Nc7 20. Qg3 Ne8 21. Rfe1 Rd8 22. Na2 Qa3 23. Nec3 Nb6 24. Bc1 Qb4 25. Nxb4 axb4 26. Ne2 1-0


[Site "https://www.chess.com"]

[Event "Titled Tuesday Blitz April 26 Early 2022"]
[White "Bacrot, Etienne"]
[Black "Samunenkov, Ihor"]
[WhiteFideId "605506"]
[BlackFideId "14187086"]
[WhiteElo "2673"]
[BlackElo "2409"]
[Result "0-1"]
[Round "08"]
[TimeControl "180+1"]
[Date "2022.04.26"]
[WhiteClock "0:01:16"]
[BlackClock "0:00:21"]

1. d4 d5 2. Nf3 Nf6 3. c4 e6 4. Nc3 a6 5. cxd5 exd5 6. Bf4 Bd6 7. e3 Bxf4 8. exf4 O-O 9. Bd3 Re8+ 10. Kf1 Bg4 11. h3 Bxf3 12. Qxf3 Nc6 13. Rd1 Nxd4 14. Bxh7+ Kxh7 15. Rxd4 c5 16. Rd1 d4 17. Ne2 Qd5 18. Qd3+ Qe4 19. h4 Qxd3 20. Rxd3 Rad8 21. h5 Nd5 22. Rd2 d3 23. Ng3 Nxf4 24. Rh4 Re1+ 25. Kxe1 Nxg2+ 26. Kf1 Nxh4 27. Ne4 Nf3 28. Rd1 c4 29. Kg2 Ne5 30. f4 Nc6 31. b3 b5 32. bxc4 bxc4 33. Rc1 d2 34. Rd1 f5 35. Ng5+ Kg8 36. Rxd2 Rxd2+ 0-1


[Site "https://www.chess.com"]

[Event "Titled Tuesday Blitz April 26 Early 2022"]
[White "Bas Mas, Jose Joaquin"]
[Black "Migot, Tangi"]
[WhiteFideId "22219064"]
[BlackFideId "662445"]
[WhiteElo "2212"]
[BlackElo "2538"]
[Result "1-0"]
[Round "08"]
[TimeControl "180+1"]
[Date "2022.04.26"]
[WhiteClock "0:00:09"]
[BlackClock "0:00:06"]

1. e4 c5 2. Nc3 a6 3. g3 b5 4. Bg2 Bb7 5. d3 h5 6. h4 g6 7. Nh3 Bg7 8. O-O e6 9. Bg5 Ne7 10. Rb1 d6 11. a4 b4 12. Ne2 Nbc6 13. c3 Qa5 14. d4 cxd4 15. cxd4 d5 16. exd5 Nxd5 17. Nhf4 O-O 18. Nxd5 exd5 19. b3 Rfe8 20. Be3 Rad8 21. Qd2 Qb6 22. Rfd1 a5 23. Rbc1 Ba6 24. Nf4 Ne7 25. Rc5 Bb7 26. Rb5 Qa7 27. Rc1 Qa8 28. Rcc5 Nf5 29. Rxa5 Qb8 30. Rab5 Nxe3 31. fxe3 Qa8 32. Rc7 Ba6 33. Rxd5 Qb8 34. Rcc5 Rxd5 35. Rxd5 Qc7 36. Rc5 Qe7 37. Nd5 Qd6 38. Qf2 Bb7 39. Rb5 Ba8 40. Ra5 Bb7 41. Rc5 f5 42. Nf4 Bxg2 43. Kxg2 Kh8 44. a5 Kh7 45. Rb5 Qc6+ 46. Qf3 Qxb5 47. d5 Qxa5 48. Ne6 Rxe6 49. dxe6 Qe5 50. Qc6 Qb2+ 51. Kf3 Qe5 52. Qd7 Qe4+ 53. Kf2 Qc2+ 54. Kf3 Qe4+ 55. Kf2 f4 56. gxf4 Qc2+ 57. Kf3 Qh2 58. e7 Qh3+ 59. Qxh3 1-0


[Site "https://www.chess.com"]

[Event "Titled Tuesday Blitz April 26 Early 2022"]
[White "Belenkaya, Dina"]
[Black "Kim, Sergey"]
[WhiteFideId "24142654"]
[BlackFideId "13700570"]
[WhiteElo "2196"]
[BlackElo "2535"]
[Result "1-0"]
[Round "08"]
[TimeControl "180+1"]
[Date "2022.04.26"]
[WhiteClock "0:00:11"]
[BlackClock "0:00:04"]

1. e4 e5 2. Nf3 Nc6 3. Bb5 a6 4. Ba4 Nf6 5. d3 b5 6. Bb3 Bc5 7. O-O d6 8. c3 h6 9. Nbd2 O-O 10. Re1 Bb6 11. Nf1 Be6 12. Bc2 Ne7 13. Ne3 Ng6 14. d4 Re8 15. b3 c5 16. Bb2 Rc8 17. Rc1 Qc7 18. Bb1 Nf4 19. Qd2 Ng6 20. Nf5 Rcd8 21. g3 Qa7 22. d5 Bc8 23. c4 Qc7 24. Qe2 Ne7 25. N3h4 Nxf5 26. exf5 b4 27. Kh1 a5 28. g4 Nh7 29. Nf3 a4 30. h4 Qe7 31. Be4 Nf6 32. Rg1 Nxe4 33. Qxe4 Qf6 34. Rg2 h5 35. Rcg1 hxg4 36. Qxg4 Bxf5 37. Qxg7+ Qxg7 38. Rxg7+ Kf8 39. Kh2 Be4 40. R7g3 Ke7 41. Bc1 Kd7 42. Bg5 Ra8 43. h5 Rh8 44. h6 axb3 45. axb3 Ra2 46. Be3 Bd8 47. Rg7 Ke8 48. R1g3 Bf6 49. Rg8+ Rxg8 50. Rxg8+ Ke7 51. Ng5 Bg6 52. h7 1-0


[Site "https://www.chess.com"]

[Event "Titled Tuesday Blitz April 26 Early 2022"]
[White "Belozerov, Andrei"]
[Black "Stelmaszyk, Nico"]
[WhiteFideId "4120213"]
[BlackFideId "16200462"]
[WhiteElo "2320"]
[BlackElo "2119"]
[Result "1-0"]
[Round "08"]
[TimeControl "180+1"]
[Date "2022.04.26"]
[WhiteClock "0:00:24"]
[BlackClock "0:00:13"]

1. e4 c5 2. Nf3 Nc6 3. d4 cxd4 4. Nxd4 Nf6 5. Nc3 d6 6. f3 a6 7. Be3 g6 8. Qd2 Bg7 9. O-O-O O-O 10. g4 Nxd4 11. Bxd4 Be6 12. h4 b5 13. h5 b4 14. Nd5 Bxd5 15. exd5 Qa5 16. Bc4 Rac8 17. Bb3 Qb5 18. h6 Bh8 19. g5 Nd7 20. Bxh8 Kxh8 21. Qd4+ f6 22. Rhe1 Rf7 23. Re6 Qc5 24. gxf6 Qxd4 25. Rxd4 Rxf6 26. Rxe7 Nc5 27. Rxb4 Rxf3 28. Rb6 Rf2 29. Rc6 Rcf8 30. Rcc7 Rf1+ 31. Kd2 R8f2+ 32. Kc3 Rf3+ 33. Kb4 Rf4+ 34. Ka5 Kg8 35. Rxh7 Rf7 36. Rhxf7 Rxf7 37. Rxf7 Kxf7 38. Bc4 g5 39. b4 Ne4 40. Kxa6 g4 41. Be2 g3 42. Bf3 Nd2 43. Bg2 Nc4 44. b5 Ne3 45. Bf3 Nxd5 46. Bxd5+ Kg6 47. b6 1-0


[Site "https://www.chess.com"]

[Event "Titled Tuesday Blitz April 26 Early 2022"]
[White "Blokhin, Sofia"]
[Black "Ovezdurdyyeva, Jemal"]
[WhiteFideId "4508190"]
[BlackFideId "14001888"]
[WhiteElo "1764"]
[BlackElo "1946"]
[Result "0-1"]
[Round "08"]
[TimeControl "180+1"]
[Date "2022.04.26"]
[WhiteClock "0:00:06"]
[BlackClock "0:00:07"]

1. d4 Nf6 2. c4 g6 3. Nc3 d5 4. cxd5 Nxd5 5. e4 Nxc3 6. bxc3 Bg7 7. Nf3 c5 8. Rb1 Nc6 9. Be3 O-O 10. Be2 Qa5 11. O-O cxd4 12. cxd4 Qxa2 13. d5 Ne5 14. Nd4 Qa5 15. f4 Nd7 16. e5 Qxd5 17. Bf3 Qa5 18. Bxb7 Bxb7 19. Rxb7 Qd5 20. Rb5 Qe4 21. Re1 Nb6 22. Bc1 Qb7 23. Ba3 Rfd8 24. Qa1 Qd7 25. Rd1 Nc4 26. Rb3 f6 27. Rbd3 fxe5 28. Ne6 Qxd3 29. Rxd3 Rxd3 30. Qf1 e4 31. Bb4 Bf6 32. h3 Rb8 33. Nc5 Rd4 34. Bc3 Nd2 35. Qe1 Rb1 36. Bxd2 Rxe1+ 37. Bxe1 Rd1 38. Kf2 Bd4+ 39. Ke2 Rxe1+ 40. Kxe1 Bxc5 41. Ke2 e3 42. g4 Kf7 43. f5 gxf5 44. gxf5 Kf6 45. Kf3 Kxf5 0-1


[Site "https://www.chess.com"]

[Event "Titled Tuesday Blitz April 26 Early 2022"]
[White "Bluebaum, Matthias"]
[Black "Dubov, Daniil"]
[WhiteFideId "24651516"]
[BlackFideId "24126055"]
[WhiteElo "2550"]
[BlackElo "2791"]
[Result "0-1"]
[Round "08"]
[TimeControl "180+1"]
[Date "2022.04.26"]
[WhiteClock "0:00:15"]
[BlackClock "0:00:11"]

1. d4 d5 2. c4 e6 3. Nc3 Bb4 4. e3 Nf6 5. Nf3 O-O 6. Bd2 Nbd7 7. Rc1 Re8 8. Qb3 Bxc3 9. Bxc3 b6 10. cxd5 exd5 11. Qc2 Bb7 12. b3 Ne4 13. Bb2 c5 14. Bd3 Rc8 15. Qe2 Ndf6 16. h3 Nd6 17. Nd2 c4 18. bxc4 dxc4 19. Nxc4 Nxc4 20. Bxc4 Bxg2 21. Rg1 Bd5 22. Bb5 Rxc1+ 23. Bxc1 Qc7 24. Bd2 Qh2 25. Qf1 Rc8 26. f3 Bxf3 27. Rxg7+ Kxg7 28. Qxf3 Rc2 29. Be2 Rxa2 30. Bc1 Qg1+ 31. Bf1 Ne4 32. d5 Rf2 33. Qg4+ Qxg4 34. hxg4 Rc2 35. Ba3 Ra2 36. Be7 Ra1+ 37. Ke2 Ng3+ 38. Kf3 Nxf1 39. d6 Rd1 40. Ke2 Rd5 41. Kxf1 f6 42. Ke2 Kf7 43. e4 Rb5 44. Ke3 Ke6 45. Kf4 Rb1 0-1


[Site "https://www.chess.com"]

[Event "Titled Tuesday Blitz April 26 Early 2022"]
[White "Bristy, Mukherjee"]
[Black "Omelja, Artem"]
[WhiteFideId "25077325"]
[BlackFideId "14119846"]
[WhiteElo "1661"]
[BlackElo "2382"]
[Result "0-1"]
[Round "08"]
[TimeControl "180+1"]
[Date "2022.04.26"]
[WhiteClock "0:00:09"]
[BlackClock "0:00:09"]

1. d4 d5 2. Bg5 g6 3. e3 Bg7 4. h4 h6 5. Bf4 Nf6 6. Nd2 c5 7. c3 Nc6 8. Ngf3 O-O 9. Bd3 Bg4 10. Qb1 c4 11. Bc2 b5 12. Ne5 Nxe5 13. Bxe5 Nd7 14. Bxg7 Kxg7 15. f3 Be6 16. O-O a5 17. e4 b4 18. f4 Bg4 19. Qe1 bxc3 20. bxc3 e6 21. Qg3 h5 22. f5 Qb8 23. e5 exf5 24. Rfb1 Qc7 25. Nf1 Rfb8 26. Ne3 Qc6 27. Qf4 Nf8 28. Rxb8 Rxb8 29. e6 Rb2 30. e7 Ne6 31. Qe5+ f6 32. Qxd5 Qxd5 33. Nxd5 Kf7 34. Ba4 Ng7 35. Re1 Re2 36. Rxe2 Bxe2 37. Kf2 Bd3 38. Ke3 Be4 39. Nxf6 Kxf6 40. e8=Q Nxe8 41. Bxe8 Bxg2 42. Kf4 Be4 43. a3 Bd3 44. Bb5 Bf1 45. Ba6 Be2 46. Bb7 Bd3 47. Bd5 Ke7 48. Bf3 Kf6 49. Bg2 Kg7 50. Bf3 Kh6 51. Bg2 g5+ 52. hxg5+ Kg6 53. Bh3 h4 54. Bg2 Kh5 55. Bh3 Be4 56. Bxf5 Bxf5 57. Kxf5 h3 58. g6 h2 59. g7 h1=Q 60. g8=Q Qf3+ 61. Ke5 Qxc3 62. Qh7+ Kg4 63. Qf5+ Kg3 64. Qg5+ Kf2 65. Qh4+ Ke2 66. Qh2+ Kd3 67. Qg3+ Kc2 68. Qxc3+ Kxc3 69. d5 Kb3 70. d6 c3 71. d7 c2 72. d8=Q c1=Q 73. Qxa5 Qg5+ 74. Kd6 Qxa5 75. Kc6 Qxa3 76. Kb5 Qb4+ 0-1


[Site "https://www.chess.com"]

[Event "Titled Tuesday Blitz April 26 Early 2022"]
[White "Buchenau, Frank"]
[Black "Hnydiuk, Aleksander"]
[WhiteFideId "4604350"]
[BlackFideId "1109057"]
[WhiteElo "2193"]
[BlackElo "2374"]
[Result "0-1"]
[Round "08"]
[TimeControl "180+1"]
[Date "2022.04.26"]
[WhiteClock "0:00:16"]
[BlackClock "0:01:24"]

1. e4 c5 2. Nf3 e6 3. d4 cxd4 4. Nxd4 Nc6 5. Nc3 a6 6. Be3 Nf6 7. Bd3 Qc7 8. O-O b5 9. Nxc6 Qxc6 10. a3 Bb7 11. Qe2 Rc8 12. Kh1 Be7 13. f4 O-O 14. Rad1 Bxa3 15. e5 Bxb2 16. exf6 Bxc3 17. fxg7 Bxg7 18. Rf3 f5 19. Rg3 Rf6 20. Rxg7+ Kxg7 21. Bd4 Rg8 22. Rf1 Kf8 23. Rf3 Rfg6 24. Qe5 Rxg2 25. Bc5+ Ke8 26. Bxf5 Rg1+ 27. Bxg1 Qxf3# 0-1


[Site "https://www.chess.com"]

[Event "Titled Tuesday Blitz April 26 Early 2022"]
[White "Buscar, Michael"]
[Black "Cunha, Lucas Aguiar"]
[WhiteFideId "2603616"]
[BlackFideId "2125404"]
[WhiteElo "2010"]
[BlackElo "2361"]
[Result "0-1"]
[Round "08"]
[TimeControl "180+1"]
[Date "2022.04.26"]
[WhiteClock "0:00:11"]
[BlackClock "0:01:07"]

1. Nf3 d5 2. g3 Nf6 3. Bg2 c5 4. O-O Nc6 5. d4 e6 6. a3 Qb6 7. c3 Be7 8. Nbd2 a5 9. dxc5 Bxc5 10. Nb3 Be7 11. Nbd4 O-O 12. Nxc6 bxc6 13. Qc2 a4 14. Be3 c5 15. c4 d4 16. Bg5 Bb7 17. e3 Be4 18. Qd2 Qb7 19. Nh4 Rfd8 20. exd4 Rxd4 21. Qc3 h6 22. Be3 Bxg2 23. Nxg2 Rdd8 24. Rfd1 Rdb8 25. Rab1 Qe4 26. Qd3 Rb3 27. Qxe4 Nxe4 28. Rd7 Bf6 29. Rc7 Bxb2 30. Bxc5 Nxc5 31. Rxc5 Bxa3 32. Rb5 Rxb1+ 33. Rxb1 Bc5 34. Ne1 a3 35. Nc2 a2 36. Rd1 Ra4 37. Ra1 Be7 38. c5 Bf6 0-1


[Site "https://www.chess.com"]

[Event "Titled Tuesday Blitz April 26 Early 2022"]
[White "Chernomordik, Pavel"]
[Black "Tatarinov, Dmitry"]
[WhiteFideId "2804530"]
[BlackFideId "24160067"]
[WhiteElo "2220"]
[BlackElo "2302"]
[Result "0-1"]
[Round "08"]
[TimeControl "180+1"]
[Date "2022.04.26"]
[WhiteClock "0:00:23"]
[BlackClock "0:01:33"]

1. e4 c5 2. Nc3 Nc6 3. Bb5 e6 4. Bxc6 bxc6 5. e5 f6 6. f4 Ne7 7. Nf3 Ng6 8. O-O Be7 9. d3 O-O 10. Be3 d5 11. exd6 Bxd6 12. Qd2 Qc7 13. g3 c4 14. dxc4 Rd8 15. Qf2 e5 16. fxe5 Nxe5 17. c5 Nxf3+ 18. Qxf3 Be5 19. Bf4 Rb8 20. b3 Qe7 21. Rae1 Qxc5+ 22. Kg2 Ba6 23. Rf2 Qxc3 24. Re3 Qd4 25. Bxe5 fxe5 26. Qf7+ Kh8 27. Ref3 h6 28. c3 Qd5 29. Qxa7 Ra8 30. Qe3 Rf8 31. c4 Rxf3 32. Rxf3 Qd4 33. Qe2 c5 34. Re3 Bb7+ 35. Kh3 e4 0-1


[Site "https://www.chess.com"]

[Event "Titled Tuesday Blitz April 26 Early 2022"]
[White "Chigaev, Maksim"]
[Black "Aradhya, Garg"]
[WhiteFideId "4108116"]
[BlackFideId "25006746"]
[WhiteElo "2478"]
[BlackElo "2169"]
[Result "1-0"]
[Round "08"]
[TimeControl "180+1"]
[Date "2022.04.26"]
[WhiteClock "0:00:12"]
[BlackClock "0:00:07"]

1. d4 d5 2. Nf3 Nf6 3. c4 c6 4. g3 g6 5. Bg2 Bg7 6. O-O O-O 7. Nc3 dxc4 8. e4 b5 9. Qe2 b4 10. Na4 Ba6 11. Rd1 Bb5 12. Nc5 Nfd7 13. e5 c3 14. Qc2 Nxc5 15. dxc5 Qa5 16. a4 cxb2 17. Bxb2 b3 18. Qxb3 Be2 19. e6 f6 20. Re1 Bxf3 21. Bxf3 Na6 22. Ba3 Rab8 23. Qc4 f5 24. Rab1 Qc3 25. Qxc3 Bxc3 26. Red1 Bb4 27. Bxb4 Rxb4 28. Rxb4 Nxb4 29. Rd7 a5 30. Rxe7 Rf6 31. Re8+ Kg7 32. Be2 Nd5 33. Bc4 f4 34. Bxd5 cxd5 35. c6 d4 36. c7 1-0


[Site "https://www.chess.com"]

[Event "Titled Tuesday Blitz April 26 Early 2022"]
[White "Ciorgovean, Iustin"]
[Black "Vakhlamov, Igor L."]
[WhiteFideId "1242911"]
[BlackFideId "24126748"]
[WhiteElo "2075"]
[BlackElo "2401"]
[Result "0-1"]
[Round "08"]
[TimeControl "180+1"]
[Date "2022.04.26"]
[WhiteClock "0:00:04"]
[BlackClock "0:00:21"]

1. d4 d5 2. c4 e6 3. Nc3 c5 4. cxd5 cxd4 5. Qa4+ Bd7 6. Qxd4 exd5 7. Qxd5 Nf6 8. Qb3 Na6 9. Nf3 Nc5 10. Qd1 Nce4 11. e3 Bb4 12. Bd2 Nxd2 13. Qxd2 O-O 14. Bd3 Rc8 15. O-O Qa5 16. Rac1 Qh5 17. Be2 Rfd8 18. Rfd1 Qh6 19. Qd4 Bc5 20. Qh4 Qxh4 21. Nxh4 Be6 22. Nf3 a6 23. Rxd8+ Rxd8 24. Rd1 Rc8 25. Nd4 Bd7 26. Bf3 b5 27. Bb7 Rb8 28. Bxa6 b4 29. Nce2 Kf8 30. Bc4 g5 31. h3 Ke7 32. Ng3 h5 33. Ngf5+ Kf8 34. Nb3 Bxf5 35. Nxc5 Rc8 36. Bd3 Rxc5 37. Bxf5 Rxf5 38. Rd4 Ra5 39. Rxb4 Rxa2 40. f3 Nd5 41. Rb3 Ke7 42. Kf2 h4 43. Rb5 Ke6 44. e4 Nf4 45. Rxg5 Rxb2+ 46. Ke3 Nxg2+ 47. Kd4 Rd2+ 48. Kc3 Rf2 49. Kd4 f6 50. Rg4 Ne1 51. Ke3 Rh2 52. f4 Rxh3+ 53. Kf2 Nd3+ 54. Kg2 Re3 55. Rxh4 Rxe4 56. Kf3 f5 57. Rh6+ Kf7 58. Rh7+ Kg6 59. Rd7 Nxf4 60. Rd6+ Ne6 61. Ra6 Kf6 62. Rb6 Ra4 63. Rc6 Ke5 64. Rb6 Ra3+ 65. Kf2 Nd4 66. Rb4 Ke4 67. Ke1 f4 68. Kf2 Ra2+ 69. Kf1 Ke3 70. Rc4 Rc2 71. Ra4 Rc1+ 72. Kg2 f3+ 73. Kg3 Ne2+ 74. Kh2 f2 75. Ra3+ Nc3 76. Kg3 f1=Q 0-1


[Site "https://www.chess.com"]

[Event "Titled Tuesday Blitz April 26 Early 2022"]
[White "Costachi, Mihnea"]
[Black "Csonka, Balazs"]
[WhiteFideId "1217518"]
[BlackFideId "742910"]
[WhiteElo "2476"]
[BlackElo "2404"]
[Result "1/2-1/2"]
[Round "08"]
[TimeControl "180+1"]
[Date "2022.04.26"]
[WhiteClock "0:00:18"]
[BlackClock "0:00:08"]

1. d4 d5 2. c4 c6 3. Nf3 Nf6 4. Nc3 dxc4 5. e4 b5 6. Be2 e6 7. O-O Bb7 8. b3 cxb3 9. d5 exd5 10. exd5 a6 11. Qxb3 Be7 12. a4 b4 13. dxc6 Nxc6 14. Rd1 Qc7 15. Nd5 Nxd5 16. Qxd5 Rd8 17. Qh5 Rxd1+ 18. Bxd1 Bf6 19. Rb1 O-O 20. Bg5 Bxg5 21. Nxg5 h6 22. Nf3 a5 23. Bb3 Qe7 24. Re1 Qf6 25. Qb5 Ba8 26. Qc4 Qc3 27. Qxc3 bxc3 28. Rc1 Nb4 29. Rxc3 Rd8 30. h3 Bd5 31. Bxd5 Rxd5 32. Rc4 g6 33. Nd4 Nd3 34. Nc6 Nb2 35. Re4 Kg7 36. g4 Rd1+ 37. Kg2 Ra1 38. Nxa5 Rxa4 39. Rxa4 Nxa4 40. Kf3 Nb6 41. Ke4 Nd7 42. Nc4 Nf6+ 43. Ke5 Nd7+ 44. Kd6 Nf6 45. f3 g5 46. Ne3 Kg6 47. Nf5 h5 48. Ke5 hxg4 49. hxg4 Nd7+ 50. Kd6 Nf6 51. Ke7 Nd5+ 52. Kf8 Kf6 53. Nh6 Ne7 54. Ng8+ Nxg8 55. Kxg8 Kg6 56. Kf8 f5 57. Ke7 fxg4 58. fxg4 Kg7 59. Ke6 Kg6 60. Ke5 Kg7 61. Kf5 Kh6 62. Kf6 Kh7 63. Kf5 Kh6 64. Ke6 Kg6 65. Ke7 Kg7 66. Ke6 Kg6 1/2-1/2


[Site "https://www.chess.com"]

[Event "Titled Tuesday Blitz April 26 Early 2022"]
[White "D`Arruda, Ricardo D."]
[Black "Andrews, Todd"]
[WhiteFideId "100692"]
[BlackFideId "2012456"]
[WhiteElo "2408"]
[BlackElo "2340"]
[Result "0-1"]
[Round "08"]
[TimeControl "180+1"]
[Date "2022.04.26"]
[WhiteClock "0:00:17"]
[BlackClock "0:00:03"]

1. Nf3 c5 2. b3 b6 3. Bb2 Bb7 4. e3 e6 5. Be2 f5 6. O-O Nf6 7. d4 Be7 8. c4 O-O 9. Nc3 cxd4 10. Nxd4 Nc6 11. Bf3 Qc8 12. Ndb5 Ne5 13. Bxb7 Qxb7 14. Nd6 Qc6 15. Ncb5 Ng6 16. Ba3 a6 17. Nd4 Qc7 18. Nf3 Ne4 19. Nxe4 Bxa3 20. Ng3 f4 21. exf4 Nxf4 22. Re1 Rf6 23. Ne4 Rg6 24. g3 Rf8 25. Nh4 Rh6 26. Qg4 Nd3 27. Re3 Ne5 28. Qe2 Nc6 29. Rd1 Bc5 30. Nxc5 bxc5 31. Nf3 Rhf6 32. Red3 Nd4 33. Nxd4 Rxf2 34. Qxf2 Rxf2 35. Kxf2 cxd4 36. Rxd4 Qc5 37. Kg2 Qc6+ 38. Kh3 d5 39. cxd5 exd5 40. Rxd5 h6 41. R1d2 Qc3 42. Kg2 Qe3 43. R5d3 Qe4+ 44. Kf2 a5 45. Re3 Qg4 46. Rde2 a4 47. Re4 Qf5+ 48. Kg2 axb3 49. axb3 Qd5 50. b4 h5 51. h4 Kh7 52. Kf3 Qd3+ 53. R2e3 Qf1# 0-1


[Site "https://www.chess.com"]

[Event "Titled Tuesday Blitz April 26 Early 2022"]
[White "Dauner, Benedikt"]
[Black "Starozhilov, Leonid"]
[WhiteFideId "16225899"]
[BlackFideId "14106752"]
[WhiteElo "2230"]
[BlackElo "2414"]
[Result "1/2-1/2"]
[Round "08"]
[TimeControl "180+1"]
[Date "2022.04.26"]
[WhiteClock "0:00:35"]
[BlackClock "0:00:10"]

1. Nf3 Nf6 2. b3 g6 3. Bb2 Bg7 4. g3 O-O 5. Bg2 d6 6. O-O Nc6 7. c4 e5 8. d4 e4 9. Ne1 Re8 10. e3 Bf5 11. Nc3 h5 12. Nc2 h4 13. b4 Qd7 14. b5 Nd8 15. Re1 hxg3 16. hxg3 Ne6 17. d5 Ng5 18. Nd4 Bh3 19. Bh1 Bg4 20. Qc2 Nf3+ 21. Nxf3 Bxf3 22. Bg2 Qg4 23. Ne2 Bxg2 24. Kxg2 Qf3+ 25. Kg1 Ng4 26. Nd4 Bxd4 27. Bxd4 f6 28. Qe2 Qf5 29. Kg2 Kg7 30. Rh1 Rh8 31. a4 Rh5 32. Rxh5 gxh5 33. Rh1 Kg6 34. a5 b6 35. a6 Rh8 36. Rh4 Rh7 37. Kg1 Rh8 38. Kg2 Re8 39. Ba1 Rh8 40. Bd4 1/2-1/2


[Site "https://www.chess.com"]

[Event "Titled Tuesday Blitz April 26 Early 2022"]
[White "De Arruda, Leandro Formes"]
[Black "Lopez, Henry"]
[WhiteFideId "22722009"]
[BlackFideId "5203830"]
[WhiteElo "1852"]
[BlackElo "2177"]
[Result "1-0"]
[Round "08"]
[TimeControl "180+1"]
[Date "2022.04.26"]
[WhiteClock "0:02:54"]
[BlackClock "0:02:22"]

1. d4 Nf6 2. Nf3 d5 3. e3 c5 4. c3 Nc6 5. Nbd2 e6 6. Bd3 Bd6 7. O-O O-O 8. Re1 e5 9. e4 dxe4 10. Nxe4 cxd4 11. cxd4 exd4 12. Nxf6+ Qxf6 13. Bg5 1-0


[Site "https://www.chess.com"]

[Event "Titled Tuesday Blitz April 26 Early 2022"]
[White "De Souza, Cristiano Gomes"]
[Black "Urbina Perez, Juan Antonio"]
[WhiteFideId "2151758"]
[BlackFideId "2217368"]
[WhiteElo "2068"]
[BlackElo "2192"]
[Result "1/2-1/2"]
[Round "08"]
[TimeControl "180+1"]
[Date "2022.04.26"]
[WhiteClock "0:00:15"]
[BlackClock "0:00:29"]

1. d4 Nf6 2. c4 e6 3. Nf3 d5 4. Nc3 Bb4 5. Bg5 Nbd7 6. Rc1 c5 7. cxd5 exd5 8. dxc5 Qa5 9. Bxf6 Nxf6 10. a3 Bxc3+ 11. Rxc3 Ne4 12. b4 Nxc3 13. Qa1 Qc7 14. Qxc3 O-O 15. e3 Be6 16. Nd4 Rfc8 17. Bd3 a5 18. O-O axb4 19. axb4 Ra2 20. Ra1 Rca8 21. Rxa2 Rxa2 22. h3 g6 23. Nb5 Qc6 24. Bb1 Ra8 25. Nd4 Qc7 26. b5 Rc8 27. c6 bxc6 28. bxc6 Bd7 29. Ba2 Bxc6 30. Nxc6 Qxc6 31. Qxc6 Rxc6 32. Bxd5 Rc2 33. g3 Kg7 34. Kg2 f5 35. h4 Kf6 36. Bf3 h6 37. e4 fxe4 38. Bxe4 g5 39. hxg5+ hxg5 40. g4 Rc3 41. Bf5 Ke5 42. f3 Kf4 43. Be4 Rc2+ 44. Kf1 Ke3 45. Kg1 Rf2 46. Bd5 Rd2 47. Be4 Kf4 48. Kf1 Kg3 49. Ke1 Rf2 50. Bd5 Rb2 51. Be4 Rb4 52. Ke2 Kf4 53. Kd3 Rb3+ 54. Ke2 Rb2+ 55. Kf1 Ke3 56. Kg1 Ke2 57. Kg2 Ke1+ 58. Kg3 Rb3 59. Bd5 Rc3 60. Be4 Kf1 61. Bd5 Kg1 62. Be4 Re3 63. Bd5 Rc3 64. Be4 Rb3 65. Bd5 Re3 66. Be4 Re2 67. f4 Rxe4 68. fxg5 Kf1 69. Kf3 Ra4 70. g6 Ra6 71. Kf4 Rxg6 72. Kf5 Ra6 73. g5 Kf2 74. g6 Kf3 75. g7 Ra8 76. Kf6 Rg8 77. Kf7 Rxg7+ 78. Kxg7 1/2-1/2


[Site "https://www.chess.com"]